 Dungeon Sprint DCSS version 0.30-a0-996-ga6910c8ee8 (webtiles) character file.

Game seed: 15726921447890639153

4284 DiggyJ the Brawler (level 10, -8/166 HPs)
             Began as a Troll Berserker on Apr 5, 2023.
             Was a High Priest of Trog.
             Mangled by a chaos spawn (12 damage)
             ... summoned by Frances
             ... in the Dungeon (Sprint III: "The Ten Rune Challenge").
             The game lasted 00:03:58 (931 turns).

DiggyJ the Brawler (Troll Berserker)                 Turns: 931, Time: 00:03:58

Health: -8/166     AC:  4    Str: 31      XL:     10   Next: 10%
Magic:  8/8        EV: 12    Int:  3      God:    Trog [*****.]
Gold:   36         SH:  0    Dex:  8 (9)  Spells: 9/9 levels left

rFire   . . .      SeeInvis .      - Unarmed
rCold   . . .      Faith    .    (no shield)
rNeg    . . .      Spirit   .    a - +0 animal skin
rPois   +          Reflect  .    (helmet restricted)
rElec   +          Rampage  .    (no cloak)
rCorr   .          NoTele   +    (gloves unavailable)
Will    .....                    (boots unavailable) Stlth
                                 (no amulet)
HPRegen 1.27/turn                (no ring)
MPRegen 0.11/turn                (no ring)

@: berserking, slowed
A: large, unfitting armour, claws 3, regeneration 1, shaggy fur 1, tough skin 1,
deterioration 1, low MP 1, poison resistance, electricity resistance
a: Renounce Religion, Berserk, Trog's Hand, Brothers in Arms


You were in the Dungeon.
You worshipped Trog.
Trog was extremely pleased with you.
You visited 1 branch You collected 36 gold pieces.

Inventory:

Armour
 a - a +0 animal skin (worn)
Scrolls
 g - a scroll of blinking
 h - a scroll of torment {unknown}
 i - 3 scrolls of identify
 k - a scroll of poison {unknown}
Potions
 b - a potion of curing
 c - a potion of heal wounds
 d - 2 potions of haste
 e - 3 potions of magic
 f - a potion of berserk rage
 j - 2 potions of flight {unknown}


   Skills:
 + Level 10.4 Fighting
 + Level 10.2 Dodging
 + Level 3.6 Stealth
 + Level 16.3 Unarmed Combat


You had 9 spell levels left.
You didn't know any spells.
Your spell library was empty.

Dungeon Overview and Level Annotations

Branches:
Dungeon (1/1)

Altars:
Cheibriados
Dithmenos
Elyvilon
Fedhas
Gozag
Hepliaklqana
Kikubaaqudgha
Makhleb
Nemelex Xobeh
Okawaru
Qazlal
Ru
Sif Muna
Trog
Uskayaw
Vehumet
Wu Jian
Xom
Yredelemnul
Zin
The Shining One
Jiyva
Lugonu

Annotations:
D Frances


Innate Abilities, Weirdness & Mutations

You are too large for most types of armour.
You have claws for hands.
Your natural rate of healing is unusually fast.
You are covered in fur. (AC +1)
You have tough skin. (AC +1)
Your body sometimes deteriorates upon taking damage.
Your magical capacity is low. (-10% MP)
Your system is resistant to poisons. (rPois)
You are resistant to electric shocks. (rElec)


Message History

Your two-headed ogre hits the sixfirhy with a +0 dire flail!!
Your Dodging skill increases to level 10!
Your Unarmed Combat skill increases to level 16!
You have reached level 10!
You closely miss the sixfirhy.
The sixfirhy is almost dead.
Frances hits your two-headed ogre with a +1 war axe of holy wrath!
You completely miss the sixfirhy.
The sixfirhy is almost dead.
Your two-headed ogre closely misses the sixfirhy.
Your two-headed ogre completely misses the sixfirhy.
The smoke demon gestures at you. Something smites you!
You eviscerate the sixfirhy!!!
You kill the sixfirhy!
The sixfirhy disappears in a puff of smoke!
Your two-headed ogre hits Frances with a +0 giant club!!!
Your two-headed ogre hits Frances with a +0 dire flail!
You eviscerate Frances!!!
Frances is severely wounded.
Frances hits you with a +1 war axe of holy wrath!!
* * * LOW HITPOINT WARNING * * *
Frances hits your two-headed ogre with a +1 war axe of holy wrath!!
Your two-headed ogre dies!
Your two-headed ogre's corpse disappears in a puff of smoke!
You barely miss Frances.
Frances is severely wounded.
You claw Frances!
Frances is almost dead.
Frances hits you with a +1 war axe of holy wrath!!
* * * LOW HITPOINT WARNING * * *
Your body deteriorates!
You feel clumsy. The chaos spawn hits you!
* * * LOW HITPOINT WARNING * * *
You feel as though you will be slow longer.
You closely miss Frances.
Frances is almost dead.
Frances chants phrases taken from a devil's mouth.
The chaos spawn gores you!
You die...

'#
.#+#####################
.#....#.#.#.....#......+
.##.#..#.##)###.#.^..^.#
.'##)#.#.##.#.)##^.....#
.#..)#..#..##.)'.....^.#
▓▓▓▓▓▓▓▓▓▓▓▓▓▓▓#.^.^^..#
~........~~~...#.......#
≈≈≈≈≈≈≈≈≈≈≈♣♣P.'@4.....#
♣♣♣♣♣♣♣♣♣♣♣♣♣PP#@43^^..#
♣♣♣##3###### ...+ #3..#
#...# #####


You could see Frances, an orange demon (summoned), a smoke demon (summoned), a
neqoxec (summoned) and a chaos spawn (summoned, expiring).

Vanquished Creatures
  Donald (D)
  Erolcha (D)
  A deep elf pyromancer (D)
  3 wandering mushrooms (D)
  A shadow (D)
  2 redbacks (D)
  A spatial vortex (D)
  5 two-headed ogres (D)
  A necrophage (D)
  A water elemental (D)
  A jelly (D)
  Jessica (D)
  A wizard (D)
  A necromancer (D)
  A kobold demonologist (D)
  3 humans (D)
  A phantom (D)
  2 endoplasms (D)
28 creatures vanquished.

Notes
Turn   | Place    | Note
-------+----------+-------------------------------------------
     0 | D        | DiggyJ the Troll Berserker began the quest for the Orb.
     0 | D        | Reached XP level 1. HP: 22/22 MP: 0/0
    30 | D        | Noticed Jessica
    34 | D        | Killed Jessica
    34 | D        | Reached ** piety under Trog
    35 | D        | Reached skill level 4 in Unarmed Combat
    35 | D        | Reached XP level 2. HP: 28/32 MP: 1/1
    35 | D        | Reached XP level 3. HP: 35/39 MP: 2/2
    99 | D        | Gained mutation: You have a pair of small horns on your
                  | head. [potion of mutation]
   100 | D        | Lost mutation: You have a pair of small horns on your head.
                  | [potion of mutation]
   100 | D        | Gained mutation: Your muscles are strong. (Str +4, Int/Dex
                  | -1) [potion of mutation]
   100 | D        | Gained mutation: You have a pair of small horns on your
                  | head. [potion of mutation]
   109 | D        | Lost mutation: You have a pair of small horns on your head.
                  | [potion of mutation]
   109 | D        | Lost mutation: Your muscles are strong. (Str +4, Int/Dex
                  | -1) [potion of mutation]
   109 | D        | Gained mutation: You have a pair of small horns on your
                  | head. [potion of mutation]
   109 | D        | Gained mutation: Your magical capacity is low. (-10% MP)
                  | [potion of mutation]
   109 | D        | Gained mutation: You have hidden genetic defects. [potion
                  | of mutation]
   110 | D        | Lost mutation: Your magical capacity is low. (-10% MP)
                  | [potion of mutation]
   110 | D        | Lost mutation: You have a pair of small horns on your head.
                  | [potion of mutation]
   110 | D        | Gained mutation: Your system is resistant to poisons.
                  | (rPois) [potion of mutation]
   110 | D        | Gained mutation: You are resistant to electric shocks.
                  | (rElec) [potion of mutation]
   126 | D        | Noticed a water elemental
   129 | D        | Killed a water elemental
   129 | D        | Reached *** piety under Trog
   130 | D        | Reached skill level 1 in Stealth
   130 | D        | Reached skill level 5 in Unarmed Combat
   130 | D        | Reached XP level 4. HP: 49/49 MP: 3/3
   143 | D        | Gained mutation: Your magical capacity is low. (-10% MP)
                  | [hidden defects]
   158 | D        | Found a radiant altar of Vehumet.
   158 | D        | Found a shimmering blue altar of Sif Muna.
   158 | D        | Found an ancient bone altar of Kikubaaqudgha.
   158 | D        | Noticed a wizard
   162 | D        | Killed a wizard
   163 | D        | Reached skill level 5 in Fighting
   163 | D        | Reached skill level 5 in Dodging
   163 | D        | Reached skill level 6 in Unarmed Combat
   165 | D        | Reached XP level 5. HP: 44/57 MP: 3/3
   175 | D        | Found a hide-covered altar of Uskayaw.
   175 | D        | Found an iron altar of Okawaru.
   175 | D        | Found a bloodstained altar of Trog.
   175 | D        | Found an ornate altar of the Wu Jian Council.
   175 | D        | Noticed a human
   176 | D        | Noticed a human
   179 | D        | Gained mutation: Your body sometimes deteriorates upon
                  | taking damage. [hidden defects]
   179 | D        | Lost mutation: You have hidden genetic defects. [hidden
                  | defects expressed]
   184 | D        | Killed a human
   184 | D        | Reached **** piety under Trog
   185 | D        | Reached skill level 8 in Unarmed Combat
   185 | D        | Reached XP level 6. HP: 11/68 MP: 4/4
   186 | D        | Killed a human
   187 | D        | Reached skill level 9 in Unarmed Combat
   239 | D        | Found a glowing silver altar of Zin.
   239 | D        | Found a glowing golden altar of the Shining One.
   239 | D        | Found a white marble altar of Elyvilon.
   240 | D        | Noticed a deep elf pyromancer
   243 | D        | Killed a deep elf pyromancer
   244 | D        | Reached skill level 10 in Unarmed Combat
   244 | D        | Reached XP level 7. HP: 80/80 MP: 5/5
   338 | D        | Found a basalt altar of Yredelemnul.
   338 | D        | Found a shadowy altar of Dithmenos.
   338 | D        | Found a sacrificial altar of Ru.
   341 | D        | Reached skill level 11 in Unarmed Combat
   435 | D        | Noticed a shadow
   437 | D        | Reached ***** piety under Trog
   443 | D        | Killed a shadow
   444 | D        | Reached XP level 8. HP: 70/89 MP: 6/6
   464 | D        | Found a blossoming altar of Fedhas.
   464 | D        | Found a stormy altar of Qazlal.
   464 | D        | Found a snail-covered altar of Cheibriados.
   464 | D        | Found a burning altar of Makhleb.
   464 | D        | Found a shimmering altar of Xom.
   465 | D        | Found a hazy altar of Hepliaklqana.
   465 | D        | Found an opulent altar of Gozag.
   465 | D        | Found a sparkling altar of Nemelex Xobeh.
   465 | D        | Found a corrupted altar of Lugonu.
   465 | D        | Found a viscous altar of Jiyva.
   492 | D        | Reached skill level 12 in Unarmed Combat
   559 | D        | Noticed a two-headed ogre
   568 | D        | Killed a two-headed ogre
   624 | D        | Noticed Erolcha
   625 | D        | Noticed a two-headed ogre
   628 | D        | Killed a two-headed ogre
   629 | D        | Reached skill level 13 in Unarmed Combat
   629 | D        | Reached XP level 9. HP: 98/98 MP: 7/7
   631 | D        | Killed Erolcha
   631 | D        | Received a gift from Trog
   632 | D        | Reached skill level 14 in Unarmed Combat
   736 | D        | Noticed a wandering mushroom
   741 | D        | Noticed a wandering mushroom
   743 | D        | Noticed a wandering mushroom
   745 | D        | Killed a wandering mushroom
   746 | D        | Reached skill level 10 in Fighting
   753 | D        | Killed a wandering mushroom
   754 | D        | Reached skill level 15 in Unarmed Combat
   919 | D        | Noticed Donald
   919 | D        | Noticed Frances
   921 | D        | Noticed a sun demon
   922 | D        | Noticed a smoke demon
   923 | D        | Noticed a sixfirhy
   924 | D        | Killed Donald
   925 | D        | Reached skill level 10 in Dodging
   925 | D        | Reached skill level 16 in Unarmed Combat
   925 | D        | Reached XP level 10. HP: 67/111 MP: 8/8
   930 | D        | HP: 3/166 [chaos spawn[Frances] (15)]
   931 | D        | Mangled by a chaos spawn

Illustrated notes

Levels and vault maps discovered:
D:        dungeon_sprint_mu [sprint_mu_entry_cave, sprint_mu_temple_rooms,
          sprint_mu_d1_spiders, sprint_mu_d2_genie, sprint_mu_d3_branching,
          sprint_mu_orc_legion, sprint_mu_elf_gauntlet, sprint_mu_hive_nellie,
          sprint_mu_lair_fedhas, sprint_mu_vaults_butterflies,
          sprint_mu_slime_circle, sprint_mu_shoals_kraken,
          sprint_mu_snake_twists, sprint_mu_blade_basic,
          sprint_mu_crypt_chambers, sprint_mu_tomb_spiral,
          sprint_mu_vestibule_basic, sprint_mu_gehenna_hellfire,
          sprint_mu_dis_giant, sprint_mu_tartarus_statrot,
          sprint_mu_cocytus_islands, sprint_mu_zot1]

Skill      XL: |  1  2  3  4  5  6  7  8  9 |
---------------+----------------------------+-----
Fighting       | 3 4 5 6 8 9 10 | 10.4
Dodging        | 3 4 5 6 7 8 9 10 | 10.2
Unarmed Combat | 4 5 6 8 10 11 13 16 | 16.3
Stealth        | 1 2 3 |  3.6

Action                     |  1- 3 |  4- 6 |  7- 9 | 10-12 || total
---------------------------+-------+-------+-------+-------++-------
  Melee: Unarmed           |    17 |    15 |    50 |     7 ||    89
         Punch             |       |       |     4 |       ||     4
 Invoke: Berserk           |     1 |     1 |     3 |       ||     5
         Trog's Hand       |       |     1 |       |       ||     1
         Brothers in Arms  |       |       |     1 |       ||     1
    Use: Potion            |     4 |       |     1 |       ||     5
   Stab: Sleeping          |     2 |       |       |       ||     2
 Armour: Animal skin       |     1 |     2 |     2 |       ||     5
  Dodge: Dodged            |     8 |     4 |    21 |       ||    33

Table legend: (Time is in decaauts)
 A = Elapsed time spent in this place.
 B = Non-inter-level travel time spent in this place.
 C = Inter-level travel time spent in this place.
 D = Time resting spent in this place.
 E = Time spent auto-exploring this place.
 F = Levels seen in this place.
 G = Mean time per level.
                   A        B        C        D        E       F      G
               +--------+--------+--------+--------+--------+-----+--------+
         Total |    959 |    884 |     75 |    550 |      8 |   1 |  959.0 |
       Dungeon |    959 |    884 |     75 |    550 |      8 |   1 |  959.0 |
               +--------+--------+--------+--------+--------+-----+--------+

Top non-repeatable levels by time:
       D: 959 daAuts
